 Dungeon Crawl Stone Soup version 0.21-a0-582-g1b93aee (webtiles) character file.

29376 4thArraOfDagon the Severer (level 13, -2/109 HPs)
             Began as a Deep Dwarf Enchanter on Dec 19, 2017.
             Was a High Priest of Makhleb.
             Slain by an ettin
             ... wielding a +0 dire flail
              (36 damage)
             ... on level 1 of the Orcish Mines.
             The game lasted 00:39:21 (9106 turns).

4thArraOfDagon the Severer (Deep Dwarf Enchanter)   Turns: 9106, Time: 00:39:22

Health: -2/109     AC: 18    Str: 12    XL:     13   Next: 14%
Magic:  11/11      EV:  6    Int: 21    God:    Makhleb [*****.]
Gold:   682        SH:  0    Dex: 19    Spells: 7/15 levels left

rFire    + . .     SeeInvis .   l - +8 whip "Snakebite" {curare, rPois}
rCold    . . .     Gourm    .   (no shield)
rNeg     . . .     Faith    .   Q - +2 chain mail {MR+}
rPois    +         Spirit   .   G - +0 helmet
rElec    .         Reflect  .   A - +2 cloak
rCorr    .         Harm     .   R - +0 pair of gloves
MR       ++...                  (no boots)
Stlth    ..........             (no amulet)
HPRegen  0.00/turn              p - ring of protection from fire
MPRegen  0.12/turn              x - +6 ring of dexterity

@: non-regenerating
A: damage resistance, heal wounds, icy blue scales 1, mutation resistance 1,
sense surroundings 2, no regeneration
a: Heal Wounds, Minor Destruction, Lesser Servant of Makhleb, Major Destruction,
Greater Servant of Makhleb, Renounce Religion


You were on level 1 of the Orcish Mines.
You worshipped Makhleb.
Makhleb was extremely pleased with you.
You were not hungry.

You visited 3 branches of the dungeon, and saw 17 of its levels.

You collected 786 gold pieces.
You spent 104 gold pieces at shops.

Inventory:

Hand Weapons
 i - a cursed -2 mace
 l - the +8 whip "Snakebite" (weapon) {curare, rPois}
   (You found it on level 7 of the Dungeon)

   It poisons the flesh of those it strikes.
   It protects you from poison.
 v - a +2 short sword of draining
 z - a +2 quarterstaff of chaos
 E - a +4 hand axe of freezing
 U - a +2 vampiric war axe
Missiles
 P - a throwing net (quivered)
Armour
 b - a +0 robe
 e - a +0 plate armour of poison resistance
 h - a +0 ring mail
 A - a +2 cloak (worn)
 G - a +0 helmet (worn)
 I - a +0 plate armour
 Q - a +2 chain mail of magic resistance (worn)
 R - a +0 pair of gloves (worn)
 Y - the +1 ring mail of Action {rCorr}
   (You found it on level 12 of the Dungeon)

   It protects you from acid and corrosion.
Jewellery
 f - an uncursed ring of resist corrosion
 p - a ring of protection from fire (left hand)
 x - a +6 ring of dexterity (right hand)
Wands
 J - a wand of iceblast (8)
 K - a wand of digging (40)
 L - a wand of disintegration (19)
 N - a wand of flame (45)
 S - a wand of polymorph (10)
 V - a wand of acid (6)
Scrolls
 a - a scroll of holy word {unknown}
 g - 5 scrolls of fog {unknown}
 n - 3 scrolls of noise {unknown}
 q - 18 scrolls of identify {unknown}
 s - 2 scrolls of immolation {unknown}
 t - a scroll of fear {unknown}
 w - a scroll of blinking
 y - 6 scrolls of remove curse
 C - 2 scrolls of enchant weapon {unknown}
 D - 3 scrolls of enchant armour {unknown}
 O - 3 scrolls of amnesia {unknown}
 T - a scroll of teleportation
Potions
 j - 2 potions of resistance {unknown}
 m - 3 potions of curing
 o - 4 potions of berserk rage {unknown}
 r - 3 potions of flight {unknown}
 u - 3 potions of magic {unknown}
 B - a potion of haste
 M - 2 potions of might
 W - 2 potions of agility {unknown}
 X - a potion of mutation
 Z - a potion of invisibility
Books
 c - a book of Maledictions

   Spells                             Type                      Level
   a - Corona                         Hexes                        1
   b - Ensorcelled Hibernation        Hexes/Ice                    2
   c - Confuse                        Hexes                        3
   d - Tukima's Dance                 Hexes                        3
   e - Dazzling Spray                 Conjuration/Hexes            3
Comestibles
 d - 18 rations


   Skills:
 - Level 5.0 Fighting
 - Level 0.8 Short Blades
 * Level 20.7 Axes
 - Level 3.4 Armour
 - Level 2.1 Dodging
 - Level 3.6 Stealth
 - Level 1.7 Spellcasting
 - Level 2.4 Hexes
 - Level 5.2 Invocations


You had 7 spell levels left.
You knew the following spells:

 Your Spells              Type           Power        Failure   Level  Hunger
a - Corona                Hex            ##.....      90%         1    #......
b - Ensorcelled Hibernat  Hex/Ice        #.....       99%         2    ###....
c - Confuse               Hex            ##......     99%         3    ###....
d - Blink                 Tloc           N/A          100%        2    ###....


Dungeon Overview and Level Annotations

Branches:
Dungeon (15/15)            Temple (1/1) D:7            Lair (0/6) D:8
    Orc (1/2) D:11         Vaults (0/5) D:13
 Depths: D:15

Altars:
Ashenzari
Cheibriados
Dithmenos
Fedhas
Gozag
Hepliaklqana
Makhleb
Qazlal
Ru
Sif Muna
Trog
Uskayaw
Wu Jian
Xom
Yredelemnul

Shops:
D:8 }   D:9 *   D:13 *

Annotations:
D:13 4thArraOfDagon's ghost, novice DDEn


Innate Abilities, Weirdness & Mutations

You are resistant to damage.
You can heal yourself by infusing magical energy.
You passively map the area around you.
You do not regenerate.
You are partially covered in icy blue scales. (AC +2)
You are somewhat resistant to further mutation.


Message History

The ettin is moderately wounded.
Your ufetubus hits the ettin.
Your ufetubus barely misses the ettin.
Your ufetubus hits the ettin but does no damage.
Your ufetubus barely misses the ettin.
Your ufetubus hits the ettin but does no damage.
Your ufetubus completely misses the ettin.
You hit the ettin.
The ettin looks as sick as possible! x2
The ettin convulses.
The ettin seems to slow down.
The ettin is heavily wounded.
Your ufetubus completely misses the ettin.
Your ufetubus hits the ettin but does no damage. x2
Your ufetubus hits the ettin.
Your ufetubus barely misses the ettin.
Your ufetubus hits the ettin.
Your ynoxinul gestures.
Unknown command.
You hit the ettin but do no damage.
The ettin looks as sick as possible! x2
The ettin convulses.
The ettin seems to be slow for longer.
The ettin is heavily wounded.
The ettin hits you with a dire flail!! The ettin hits you with a great mace!!!
You die...

..........>..........#.##
.....................###
.....................#
....#.#..........#....#
....####.........#.#.##
...## ##........#####
..## * .........# # .##
,.........###.## ##
.......5@..5..# # * ,
....##...C5...# ,
....##..535...# , ,, ...
##.........# , .. *
#......$... , *
*#.........# ,
,,......>..## * , ,
........#.#* , ,
............


You could see an ettin, a friendly ynoxinul and 5 friendly ufetubi.

Vanquished Creatures
  Azrael (D:12)
  An ettin (Orc:1)
  2 hydras
  A centaur warrior (D:15)
  3 two-headed ogres
  A tengu warrior (D:14)
  2 wizards
  6 unseen horrors
  An orc knight (Orc:1)
  Pikel (D:5)
  A deep elf mage (D:12)
  2 manticores
  2 cyclopes (D:11)
  A tengu conjurer (D:15)
  4 trolls
  13 slime creatures
  Grinder (D:5)
  A hornet (D:9)
  Prince Ribbit (D:9)
  A centaur simulacrum (D:15)
  2 shadows
  A wyvern (D:14)
  18 yaks
  A wraith (D:11)
  A fire elemental (D:12)
  2 hungry ghosts (D:11)
  A warg (Orc:1)
  An acid dragon (D:14)
  A water moccasin (D:13)
  2 hell hounds (D:12)
  2 sky beasts
  3 ice beasts
  4 slaves
  A necrophage (D:5)
  2 black bears
  7 orc warriors
  A hornet zombie (D:7)
  6 ogres
  2 phantoms
  9 centaurs
  2 crocodiles
  10 big kobolds
  9 bullfrogs
  A wyvern zombie (D:15)
  4 gnoll sergeants (D:11)
  2 wyvern skeletons
  3 scorpions
  16 wights
  7 howler monkeys
  7 crimson imps
  2 bullfrog zombies
  4 hounds
  7 orc priests
  Crazy Yiuf (D:2)
  5 jellies
  8 orc wizards
  2 centaur skeletons
  2 bullfrog skeletons
  Terence (D:2)
  4 iguanas
  10 worker ants
  A killer bee zombie (D:5)
  4 hound zombies
  2 hound skeletons
  2 worker ant zombies
  6 adders
  8 gnolls
  4 shadow imps
  An adder zombie (D:9)
  6 oozes (D:3)
  A dart slug (D:1)
  8 leopard geckos
  49 orcs
  A bat (D:2)
  4 giant cockroaches
  2 goblins (D:1)
  9 hobgoblins
  8 jackals
  39 kobolds
  2 quokkas
  4 frilled lizards
  A jackal skeleton (D:5)
  A quokka skeleton (D:7)
  3 rats
386 creatures vanquished.

Vanquished Creatures (collateral kills)
  2 ugly things (D:15)
  2 fire elementals (D:12)
  3 hell hounds (D:12)
  A jelly (D:13)
  3 kobolds (D:12)
11 creatures vanquished.

Vanquished Creatures (others)
  A jelly (D:3)
  A kobold (D:12)
  6 toadstools (D:3)
8 creatures vanquished.

Grand Total: 405 creatures vanquished

Notes
Turn   | Place    | Note
-------+----------+-------------------------------------------
     0 | D:1      | 4thArraOfDagon the Deep Dwarf Enchanter began the quest for the Orb.
     0 | D:1      | Reached XP level 1. HP: 15/15 MP: 3/3
    65 | D:2      | Reached skill level 1 in Fighting
    65 | D:2      | Reached XP level 2. HP: 26/26 MP: 4/4
    97 | D:2      | Learned a level 2 spell: Ensorcelled Hibernation
   137 | D:2      | Reached XP level 3. HP: 25/33 MP: 2/5
   231 | D:2      | Found a runed door.
   235 | D:2      | Noticed Crazy Yiuf
   510 | D:5      | Entered Level 5 of the Dungeon
   722 | D:4      | Found a bloodstained altar of Trog.
   796 | D:5      | Reached XP level 4. HP: 44/44 MP: 3/6
   828 | D:6      | Noticed a bullfrog
   839 | D:6      | Killed a bullfrog
   839 | D:6      | Reached XP level 5. HP: 38/51 MP: 0/7
   854 | D:6      | Noticed a phantom
   857 | D:6      | Noticed a yak
   858 | D:6      | Noticed a yak
   858 | D:6      | Noticed a yak
   862 | D:6      | Noticed a yak
   863 | D:6      | Noticed a yak
   898 | D:6      | Noticed an ice beast
   911 | D:7      | Learned a level 3 spell: Confuse
   951 | D:7      | Reached skill level 1 in Axes
   957 | D:7      | Noticed a hungry ghost
   957 | D:7      | Noticed an ice beast
  1013 | D:7      | Reached skill level 2 in Axes
  1063 | D:7      | Reached XP level 6. HP: 51/60 MP: 1/8
  1114 | D:7      | Found a staircase to the Ecumenical Temple.
  1123 | Temple   | Entered the Ecumenical Temple
  1144 | Temple   | Became a worshipper of Makhleb the Destroyer
  1242 | D:6      | Reached skill level 5 in Fighting
  1242 | D:6      | Reached skill level 3 in Axes
  1283 | D:6      | Reached skill level 4 in Axes
  1325 | D:5      | Noticed Grinder
  1327 | D:5      | Noticed a slave
  1329 | D:5      | Noticed a slave
  1330 | D:5      | Noticed Pikel
  1635 | D:4      | Reached skill level 5 in Axes
  1635 | D:4      | Reached XP level 7. HP: 56/67 MP: 3/7
  1690 | D:2      | Noticed Terence
  1711 | D:2      | Killed Terence
  1856 | D:1      | Reached * piety under Makhleb
  2267 | D:2      | Killed Crazy Yiuf
  2669 | D:3      | Reached skill level 6 in Axes
  2756 | D:4      | Reached ** piety under Makhleb
  2775 | D:4      | Reached skill level 7 in Axes
  3002 | D:5      | Reached XP level 8. HP: 37/74 MP: 8/8
  3038 | D:5      | Reached skill level 8 in Axes
  3038 | D:5      | Reached skill level 1 in Invocations
  3168 | D:5      | Gained mutation: You are partially covered in icy blue scales. (AC +2) [potion of mutation]
  3168 | D:5      | Gained mutation: You are somewhat resistant to further mutation. [potion of mutation]
  3472 | D:5      | Reached skill level 9 in Axes
  3532 | D:5      | Paralysed by Grinder for 4 turns
  3551 | D:5      | Paralysed by Grinder for 7 turns
  3563 | D:5      | Killed Grinder
  3584 | D:5      | Reached *** piety under Makhleb
  3587 | D:5      | Killed Pikel
  3587 | D:5      | Reached skill level 10 in Axes
  3587 | D:5      | Reached skill level 5 in Invocations
  3587 | D:5      | Gained mutation: You passively map the area around you. [Deep Dwarf growth]
  3587 | D:5      | Reached XP level 9. HP: 60/81 MP: 9/9
  3612 | D:5      | Found a snail-covered altar of Cheibriados.
  3612 | D:5      | Found a bloodstained altar of Trog.
  3710 | D:6      | Reached skill level 11 in Axes
  3755 | D:6      | Reached skill level 12 in Axes
  3893 | D:6      | Found a shattered altar of Ashenzari.
  4263 | D:7      | Reached skill level 1 in Armour
  4324 | D:8      | Found a basalt altar of Yredelemnul.
  4416 | D:7      | Reached skill level 13 in Axes
  4455 | D:7      | Reached XP level 10. HP: 87/88 MP: 10/10
  4536 | D:8      | Found Nitru's Gadget Shop.
  4593 | D:8      | Reached **** piety under Makhleb
  4717 | D:8      | Found a blossoming altar of Fedhas.
  4717 | D:8      | Found a shadowy altar of Dithmenos.
  4785 | D:8      | Found a staircase to the Lair.
  4826 | D:7      | Noticed a rust devil
  4826 | D:7      | Noticed a rust devil
  4827 | D:7      | Found the +8 whip "Snakebite" {curare, rPois}
  4917 | D:9      | Found a shimmering altar of Xom.
  4917 | D:9      | Found a shimmering altar of Xom.
  4917 | D:9      | Found a shimmering altar of Xom.
  4917 | D:9      | Found a shimmering altar of Xom.
  4917 | D:9      | Found a shimmering altar of Xom.
  4983 | D:9      | Found an opulent altar of Gozag.
  5002 | D:9      | Found Gozag's Platinum Reserve.
  5250 | D:9      | Noticed Prince Ribbit
  5260 | D:9      | Killed Prince Ribbit
  5356 | D:9      | Killed an unseen horror
  5356 | D:9      | Reached skill level 14 in Axes
  5427 | D:10     | Entered Level 10 of the Dungeon
  5535 | D:10     | Reached ***** piety under Makhleb
  5541 | D:10     | Reached skill level 15 in Axes
  5569 | D:11     | Noticed a manticore
  5569 | D:11     | Noticed a two-headed ogre
  5883 | D:11     | Noticed a cyclops
  5903 | D:11     | Killed a cyclops
  5910 | D:11     | Reached XP level 11. HP: 56/94 MP: 11/11
  5991 | D:11     | Killed a two-headed ogre
  6002 | D:11     | Killed an unseen horror
  6002 | D:11     | Reached skill level 16 in Axes
  6161 | D:11     | Found a staircase to the Orcish Mines.
  6410 | D:11     | Reached skill level 17 in Axes
  6730 | D:13     | Noticed 4thArraOfDagon's ghost (novice DDEn)
  6731 | D:13     | Noticed a balrug
  6769 | D:12     | Killed an unseen horror
  6799 | D:12     | Noticed a two-headed ogre
  6809 | D:12     | Killed a two-headed ogre
  6828 | D:12     | Learned a level 2 spell: Blink
  6906 | D:12     | Noticed a two-headed ogre
  6913 | D:12     | Killed a two-headed ogre
  6919 | D:12     | Reached skill level 18 in Axes
  7088 | D:12     | Reached XP level 12. HP: 54/103 MP: 12/12
  7099 | D:12     | Noticed Azrael
  7120 | D:12     | Killed Azrael
  7168 | D:12     | Got a polished ring mail
  7183 | D:12     | Identified the +1 ring mail of Action {rCorr} (You found it on level 12 of the Dungeon)
  7221 | D:12     | Noticed a six-headed hydra
  7289 | D:12     | Killed a six-headed hydra
  7346 | D:15     | Entered Level 15 of the Dungeon
  7515 | D:15     | Reached skill level 19 in Axes
  8074 | D:15     | Noticed a centaur warrior
  8080 | D:15     | Noticed a tengu warrior
  8101 | D:15     | Killed a centaur warrior
  8192 | D:14     | Reached skill level 20 in Axes
  8267 | D:14     | Noticed a tengu warrior
  8280 | D:14     | Killed a tengu warrior
  8505 | D:14     | Reached XP level 13. HP: 56/109 MP: 11/11
  8693 | D:13     | Found a gate to the Vaults.
  8741 | D:13     | Found Rapn's Assorted Antiques.
  8746 | D:13     | Bought 2 scrolls labeled DEDYRU NEWECINOCH for 52 gold pieces
  8746 | D:13     | Bought a scroll labeled DEDYRU NEWECINOCH for 26 gold pieces
  8746 | D:13     | Bought a scroll labeled DEDYRU NEWECINOCH for 26 gold pieces
  8861 | Orc:1    | Entered Level 1 of the Orcish Mines
  9047 | Orc:1    | Noticed an ettin
  9056 | Orc:1    | Killed an ettin
  9094 | Orc:1    | Noticed an ettin
  9106 | Orc:1    | Slain by an ettin

Vault maps used:
D:1:      minmay_arrival_stair_chambers
D:2:      uniq_terence, uniq_jessica, uniq_crazy_yiuf_cottage
D:3:      cheibrodos_fertilizer
D:4:      bloody_trog
D:5:      cheibrodos_thug_alley, gammafunk_temple_overflow_elements,
          first_ration, uniq_grinder, uniq_pikel
D:6:      grunt_ministairs_2, ashenzari_altar_1
D:7:      cheibrodos_iron_armory, lemuel_temple_firewalk_a
D:8:      gammafunk_temple_overflow_wave, overflow_temple_1_default,
          lair_entry_dummy, serial_shops, shop, blue_anna_alchemist
D:9:      nicolae_gozag_zags_fifth_avenue, xom_shifter_show, uniq_prince_ribbit1
D:10:     minmay_variable_closet
D:11:     kennysheep_orc_monster_closet_entryway
D:12:     roderic_roman_lattice, uniq_azrael
D:13:     erik_vaults_2, serial_shops, nicolae_shop_overgrown_old_shop,
          jiyva_altar_1
D:15:     gammafunk_depths_entry_grave, columned_hall_lemuel
Temple:   eino_temple_scatter_basement
Orc:1:    uniq_erica

Skill      XL: |  1  2  3  4  5  6  7  8  9 10 11 12 |
---------------+-------------------------------------+-----
Fighting       | 1 2 3 4 5 |  5.0
Axes           | 2 5 7 10 13 15 18 20 | 20.7
Invocations    | 5 |  5.2
Armour         | 1 3 |  3.4
Short Blades   | |  0.8
Dodging        | |  2.1
Stealth        | |  3.6
Spellcasting   | |  1.7
Hexes          | |  2.4

Action                   |  1- 3 |  4- 6 |  7- 9 | 10-12 | 13-15 || total
-------------------------+-------+-------+-------+-------+-------++-------
Melee: Dagger            |    97 |       |       |       |       ||    97
       Rapier            |     9 |   154 |    59 |       |       ||   222
       Quarterstaff      |       |       |   224 |       |       ||   224
       Short sword       |       |       |     6 |       |       ||     6
       Hand axe          |       |       |   297 |    55 |       ||   352
       Whip              |       |       |       |   901 |   122 ||  1023
Throw: Throwing net      |       |       |       |    10 |     2 ||    12
 Cast: Corona            |     5 |     2 |     3 |       |       ||    10
       Ensorcelled Hiber |    10 |    13 |       |       |       ||    23
Invok: Minor Destruction |       |       |       |     3 |       ||     3
       Lesser Servant of |       |       |       |    11 |     5 ||    16
       Greater Servant o |       |       |       |     1 |       ||     1
       Major Destruction |       |       |       |     2 |       ||     2
 Abil: Heal Wounds       |     3 |     7 |     6 |     5 |       ||    21
Evoke: Wand              |       |       |       |       |     1 ||     1
  Use: Scroll            |     3 |       |     1 |     2 |       ||     6
       Potion            |     3 |       |     3 |     2 |     1 ||     9
 Stab: Sleeping          |     8 |     6 |     2 |     2 |       ||    18
       Petrifying        |       |       |     2 |       |       ||     2
       Petrified         |       |       |     3 |       |       ||     3
       Held in net/web   |       |       |       |     6 |     3 ||     9
       Distracted        |       |       |       |     1 |       ||     1
  Eat: Chunk             |       |     5 |     6 |     6 |     2 ||    19
       Ration            |       |       |     2 |     3 |       ||     5
Armor: Robe              |    14 |    22 |       |       |       ||    36
       Ring mail         |       |     6 |   269 |    30 |       ||   305
       Chain mail        |       |       |       |   372 |    31 ||   403
Dodge: Dodged            |    94 |   122 |   278 |   177 |    10 ||   681

Table legend:
 A = Spawn XP
 B = Non-spawn XP
 C = Spawn XP percentage of total XP
 D = Spawn monster count
 E = Non-spawn monster count
 F = Spawn count percentage of total count
 G = Total turns spent on level
                    A         B        C        D         E        F      G
               +---------+---------+-------+---------+---------+-------+---------
         Total |       0 |   41966 |   0.0 |       0 |     394 |   0.0 |  9106
               +---------+---------+-------+---------+---------+-------+---------
           D:1 |       0 |      12 |   0.0 |       0 |       7 |   0.0 |   433
           D:2 |       0 |     133 |   0.0 |       0 |      21 |   0.0 |   632
           D:3 |       0 |     279 |   0.0 |       0 |      26 |   0.0 |   427
           D:4 |       0 |     285 |   0.0 |       0 |      18 |   0.0 |   496
           D:5 |       0 |    1702 |   0.0 |       0 |      38 |   0.0 |  1185
           D:6 |       0 |    2299 |   0.0 |       0 |      30 |   0.0 |   631
           D:7 |       0 |     812 |   0.0 |       0 |      22 |   0.0 |   622
           D:8 |       0 |     823 |   0.0 |       0 |      23 |   0.0 |   451
           D:9 |       0 |    1917 |   0.0 |       0 |      27 |   0.0 |   510
          D:10 |       0 |    2013 |   0.0 |       0 |      20 |   0.0 |   473
          D:11 |       0 |    7446 |   0.0 |       0 |      53 |   0.0 |   841
          D:12 |       0 |    7080 |   0.0 |       0 |      33 |   0.0 |   626
          D:13 |       0 |     942 |   0.0 |       0 |       6 |   0.0 |   149
          D:14 |       0 |    4693 |   0.0 |       0 |      24 |   0.0 |   574
          D:15 |       0 |    8775 |   0.0 |       0 |      26 |   0.0 |   771
         Orc:1 |       0 |    2755 |   0.0 |       0 |      20 |   0.0 |   245
               +---------+---------+-------+---------+---------+-------+---------
